 Dungeon Crawl Stone Soup version 0.28.0-47-ge53b351184 (webtiles) character file.

Game seed: 9511406886471248540

499 Zeld the Skirmisher (level 6, 55/56 HPs)
             Began as a Draconian Delver on Apr 28, 2022.
             Quit the game on level 5 of the Dungeon.
             The game lasted 00:01:39 (2181 turns).

Zeld the Skirmisher (Draconian Delver)              Turns: 2181, Time: 00:01:39

Health: 55/56      AC:  6    Str: 16    XL:     6   Next: 94%
Magic:  6/6        EV: 12    Int: 10    God:
Gold:   106        SH:  0    Dex: 13    Spells: 5/5 levels left

rFire   . . .      SeeInvis .   a - +0 war axe
rCold   . . .      Faith    .   (no shield)
rNeg    . . .      Spirit   .   (armour unavailable)
rPois   .          Reflect  .   (helmet restricted)
rElec   .          Harm     .   (no cloak)
rCorr   +          Rampage  .   (no gloves)
Will    .....                   (no boots)
Stlth   +++.......              (no amulet)
HPRegen 0.18/turn               j - ring of resist corrosion
MPRegen 0.10/turn               (no ring)

@: no status effects
A: AC +6, unfitting armour, cold-blooded
a: no special abilities


You were on level 5 of the Dungeon.
You visited 2 branches of the dungeon, and saw 3 of its levels.

You collected 106 gold pieces.

Inventory:

Hand Weapons
 a - a +0 war axe (weapon)
Jewellery
 j - a ring of resist corrosion (left hand)
Wands
 f - a wand of digging (3)
 l - a wand of polymorph (12)
Scrolls
 b - a scroll of fog
 c - a scroll of magic mapping
 d - 2 scrolls of fear
 g - 2 scrolls of noise {unknown}
 h - 2 scrolls of immolation {unknown}
 k - a scroll of enchant weapon {unknown}
 m - a scroll of identify {unknown}
Potions
 e - a potion of haste
 i - a potion of mutation {unknown}
 n - a potion of flight {unknown}


   Skills:
 * Level 5.3 Fighting
 * Level 4.3 Axes
 + Level 3.0 Dodging
 + Level 5.3 Stealth
 + Level 2.4 Evocations


You had 5 spell levels left.
You didn't know any spells.
Your spell library was empty.

Dungeon Overview and Level Annotations

Branches:
Dungeon (6/15)             Temple (1/1) D:6

Altars:
Elyvilon
Gozag
Hepliaklqana
Nemelex Xobeh
Okawaru
Ru
Sif Muna
Trog
Uskayaw
Xom
Yredelemnul
Zin
The Shining One

Annotations:
D:6 3 runed translucent doors, Rudyous's ghost, novice DrBe


Innate Abilities, Weirdness & Mutations

Your plain brown scales are hard. (AC +6)
You cannot fit into any form of body armour.
You are cold-blooded and may be slowed by cold attacks.


Message History

The orc barely misses you. x2
You slash the orc!
You kill the orc!
Unknown command.
Things that are here:
a +0 short sword; a +0 chain mail
There is a stone staircase leading up here.
You climb upwards.
There is a stone staircase leading down here.
HP restored.
You see here a +0 hand axe.
There is an open door here.
You open the door.
There is an open door here.
You see here 15 arrows.
Found a plate armour.
You now have 106 gold pieces (gained 16).
You open the door.
There is an open door here.
There is an open door here.
A centaur zombie is nearby!
A centaur zombie is nearby!
A centaur zombie is nearby!
A centaur zombie is nearby!
The centaur zombie closely misses you. The centaur zombie barely misses you.
You slash the centaur zombie!
The centaur zombie is moderately damaged.
The centaur zombie hits you but does no damage.
The centaur zombie completely misses you.
The centaur zombie hits you but does no damage.
The centaur zombie closely misses you.
You slash the centaur zombie! You tail-slap the centaur zombie.
The centaur zombie is severely damaged.
The centaur zombie hits you. The centaur zombie kicks you.
The centaur zombie barely misses you.
The centaur zombie kicks you but does no damage.
You slash the centaur zombie!
You destroy the centaur zombie!
No target in view!
Are you sure you want to abandon this character and quit the game? (Confirm with "yes".)

##.#### ##.## ##.##
##.#.## #...#
##.###.## #...#
#.## ##.# #...#
##.###.## ###.#
##.#..# ###.#
##.#.#
.##.########....###
................@.+
.##.########....###
###.# ##.#.# # #.#
###.# #.# ... ###.#
#.#. ....# ..#.#
##### ### #


There were no monsters in sight!

Vanquished Creatures
  A necrophage (D:5)
  A centaur (D:6)
  A bullfrog (D:6)
  A scorpion (D:5)
  A water moccasin zombie (D:5)
  A water moccasin skeleton (D:6)
  A bullfrog zombie (D:5)
  A centaur zombie (D:5)
  A centaur skeleton (D:6)
  An adder (D:5)
  A worm (D:6)
  6 orcs (D:6)
17 creatures vanquished.

Notes
Turn   | Place    | Note
-------+----------+-------------------------------------------
     0 | D:5      | Zeld the Draconian Delver began the quest for the Orb.
     0 | D:5      | Reached XP level 1. HP: 19/19 MP: 1/1
    41 | D:5      | Found a glowing silver altar of Zin.
    64 | D:5      | Noticed a scorpion
    85 | D:5      | Noticed a necrophage
    95 | D:5      | Noticed a water moccasin zombie
   102 | D:5      | Killed a water moccasin zombie
   103 | D:5      | Reached skill level 1 in Evocations
   103 | D:5      | Reached XP level 2. HP: 6/27 MP: 2/2
   103 | D:5      | Reached XP level 3. HP: 7/33 MP: 3/3
   384 | D:5      | Reached XP level 4. HP: 40/40 MP: 4/4
   931 | D:5      | Killed a necrophage
   932 | D:5      | Reached XP level 5. HP: 28/47 MP: 5/5
  1096 | D:5      | Reached skill level 5 in Stealth
  1178 | D:6      | Reached XP level 6. HP: 38/55 MP: 6/6
  1273 | D:6      | Found a white marble altar of Elyvilon.
  1299 | D:6      | Found a staircase to the Ecumenical Temple.
  1308 | Temple   | Entered the Ecumenical Temple
  1496 | D:6      | Reached skill level 5 in Fighting
  1621 | D:6      | Found a runed translucent gate.
  1622 | D:6      | Found a runed translucent gate.
  1624 | D:6      | Found a runed translucent gate.
  1625 | D:6      | Noticed Rudyous's ghost (novice DrBe)
  1661 | D:6      | Noticed Edmund
  1675 | D:6      | Noticed Edmund
  1675 | D:6      | Edmund changed into Edmund the worm
  1679 | D:6      | Killed Edmund the worm
  2181 | D:5      | Quit the game

Illustrated notes

Levels and vault maps discovered:
D:5:      layout_loops_corners, old_standard_altar, st_stairs_14, hex_tiny
D:6:      layout_rooms, general_overflow_altar, minmay_temple_entry_wispy,
          ebering_ghost_rock_garden, uniq_edmund
Temple:   jpeg_temple_clearing

Skill      XL: |  1  2  3  4  5  6 |
---------------+-------------------+-----
Dodging        | 2 3 |  3.0
Evocations     | 1 2 |  2.4
Fighting       | 4 5 |  5.3
Axes           | 3 4 |  4.3
Stealth        | 5 |  5.3

Action                   |  1- 3 |  4- 6 || total
-------------------------+-------+-------++-------
Melee: War axe           |    13 |    67 ||    80
       Tailslap          |     4 |    11 ||    15
       Punch             |       |     1 ||     1
Evoke: Wand              |       |     1 ||     1
Armor: Skin              |     4 |    35 ||    39
Dodge: Dodged            |    12 |    70 ||    82
